Map: Goldenaura LE

Players

GoOdy - Winner!

  • Race: Terran Terran
  • League: Grandmaster
  • Spawn Location: 5:00

Academy

  • Race: Protoss Protoss
  • League: Master
  • Spawn Location: 12:00

VOD

Have the link to the VOD?

Description

Time

  • Played on: Feb. 3, 2024, 8:14 a.m.
  • Length: 2:18
Show
View Real Time Build Order
Export as new Build Order

GoOdy Terran - Winner!

Build Orders:  

Get SALT Encoding   

  12  0:00  SCV  
  13  0:12  SCV  
  14  0:17  Supply Depot  
  14  0:24  SCV  
  14  0:27  Refinery  
  15  0:40  Barracks  
  15  0:44  SCV  
  16  0:56  SCV  
  17  0:59  Supply Depot  
  17  1:08  SCV  
  18  1:12  Refinery  
  18  1:27  Orbital Command  
  18  1:28  Reaper  
  19  1:42  Factory  
  19  1:52  SCV  
  20  1:59  Marine  
  21  2:05  SCV  
  22  2:10  Supply Depot  
Show
View Real Time Build Order
Export as new Build Order

Academy Protoss 

Build Orders: 1 Gate Expand 

Get SALT Encoding   

  12  0:00  Probe  
  13  0:12  Probe  
  14  0:19  Pylon  
  14  0:24  Probe (Chrono Boost)  
  15  0:37  Gateway  
  15  0:39  Probe (Chrono Boost)  
  16  0:44  Probe (Chrono Boost)  
  16  0:46  Assimilator  
  17  0:53  Probe  
  18  1:05  Probe  
  19  1:17  Probe  
  20  1:24  Cybernetics Core  
  20  1:33  Nexus  
  20  1:37  Probe  
  21  1:42  Pylon  
  21  1:47  Assimilator  
  21  1:49  Probe  
  22  2:01  Probe  
Tags
 
Add a new tag
Caveats
  • Supply blocks, unpowered buildings, or Contaminate may cause inaccurate times.
  • Supply counts are checked every 10 seconds.